AoeStats
← Real ninja7238

Nomad

505846618Analyzed
4v4 RM · 19d ago on Sep 11, 2026· 39m 36s· 8 players
Game mode
Random Map
Map size
231×231
Population
200
Speed
Normal
Resources
Standard
Victory
Conquest
Starting age
Dark Age
Ending age
Imperial Age
RankedLock teamsTeams togetherTeam positionsShared explorationLock speedFull tech treeHidden civsTurbo modeCheats
Victory
Defeat
🇨🇳 Celts · China
757
+11
🇺🇸 Huns · United States
745
+11
🇺🇸 Britons · United States
742
+11
🇨🇳 Persians · China
652
+15
🇨🇳 Inca · China
802
-18
🇩🇰 Huns · Denmark
612
-11
🇷🇴 Khmer · Romania
594
-10
🇪🇸 Franks · Spain
545
-12
Stormrage!!!
18:31 Feudal Age
19:50 Double-Bit Axe
22:53 Castle Age
26:59 Fletching
27:16 Scale Barding Armor
30:35 Fishing Lines
30:40 Horse Collar
31:14 Bow Saw
30:52 Pikeman
33:45 Squires
34:29 Wheelbarrow
33:58 Gold Mining
36:17 Bodkin Arrow
36:30 Scale Mail Armor
37:40 Hand Cart
39:58 Imperial Age
40:20 Hand Cart
serendipity
7:29 Loom
14:17 Feudal Age
18:04 Castle Age
17:29 Double-Bit Axe
17:32 Fishing Lines
19:26 Wheelbarrow
24:18 Gillnets
24:45 Bow Saw
24:58 Bloodlines
24:48 Husbandry
24:13 Light Cavalry
28:33 Forging
28:29 Scale Barding Armor
29:37 Gold Mining
29:37 Stone Mining
30:54 Hand Cart
30:26 Town Watch
31:12 Chain Barding Armor
34:04 Iron Casting
42:24 Imperial Age
Nick76Luo
5:00 Loom
14:05 Feudal Age
15:08 Double-Bit Axe
15:23 Gold Mining
19:58 Castle Age
17:41 Fishing Lines
20:56 Wheelbarrow
21:17 Bow Saw
21:44 Gold Shaft Mining
21:00 Stone Mining
21:12 Gillnets
22:26 Horse Collar
23:32 Town Watch
24:08 Hand Cart
25:09 Stone Shaft Mining
24:37 Heavy Plow
27:52 Fletching
28:12 Forging
28:37 Bodkin Arrow
28:45 Pikeman
29:21 Pikeman
29:46 Arson
30:13 Forging
30:03 Scale Mail Armor
33:01 Imperial Age
30:44 Masonry
32:05 Iron Casting
32:37 Chain Mail Armor
32:23 Murder Holes
32:10 Treadmill Crane
33:55 Siege Engineers
33:16 Halberdier
35:17 Blast Furnace
37:49 Plate Mail Armor
Real ninja7238
tribel11
精神老头
14:49 Feudal Age
14:15 Loom
16:12 Double-Bit Axe
17:56 Champi Runner
20:38 Forging
20:29 Scale Mail Armor
20:44 Gold Mining
25:26 Castle Age
26:08 Squires
25:44 Champi Warrior
27:02 Town Watch
38:33 Pikeman
BlacKHazE.
17:53 Feudal Age
18:14 Fishing Lines
18:37 Man-at-Arms
19:03 Arson
20:08 Double-Bit Axe
21:32 Stone Mining
24:22 Castle Age
25:21 Husbandry
25:32 Bloodlines
25:32 Scale Barding Armor
25:30 Gillnets
32:21 Gold Mining
35:50 Medium Warships
pentrusmurf
Connection lost

Rejoining the realm…

Still unreachable

The connection could not be restored.

Session expired

The server has moved on; the page needs a fresh start.